 Dungeon Crawl Stone Soup version 0.18-a0-33-g9e10395 (webtiles) character file.

46 Horrz the Chiller (level 3, -11/24 HPs)
             Began as a Merfolk Ice Elementalist on Nov 5, 2015.
             Mangled by Crazy Yiuf
             ... wielding a +4 quarterstaff of chaos
              (15 damage)
             ... on level 2 of the Dungeon.
             The game lasted 00:10:06 (1063 turns).

Horrz the Chiller (Merfolk Ice Elementalist)        Turns: 1063, Time: 00:10:06

Health: -11/24     AC:  3    Str: 13    XL:     3   Next: 66%
Magic:  2/7        EV: 13    Int: 14    God:
Gold:   68         SH:  0    Dex: 15    Spells: 3 memorised, 1 level left

rFire  . . .     SeeInvis .     (no weapon)
rCold  . . .     Clarity  .     a - +0 robe
rNeg   . . .     SustAt   .     (no shield)
rPois  .         Gourm    .     (no helmet)
rElec  .         Spirit   .     (no cloak)
rCorr  .         Warding  .     m - +0 pair of gloves
rMut   .         Stasis   .     (no boots)
MR     .....                    (no amulet)
Stlth  +.........               (no ring)
                                o - ring of loudness (curse)

@: mighty, lethally poisoned (-11 -> -16), very slightly contaminated, not
resistant to hostile enchantments, very unstealthy
A: change form in water, swift swim
a: no special abilities


You were on level 2 of the Dungeon.
You were not hungry.

You visited 1 branch of the dungeon, and saw 2 of its levels.

You collected 68 gold pieces.

Inventory:

Armour
 a - a +0 robe (worn)
 m - a +0 pair of gloves (worn)
Jewellery
 o - a cursed ring of loudness (left hand)
Scrolls
 d - 2 scrolls of teleportation {unknown}
 j - a scroll of magic mapping
 k - 4 scrolls of identify {unknown}
 n - a scroll of blinking {unknown}
Potions
 e - a potion of magic {unknown}
 f - a potion of brilliance {unknown}
 g - a potion of might
 h - a potion of mutation {unknown}
 l - a potion of agility {unknown}
Books
 b - a book of Frost

   Spells                             Type                      Level
   a - Freeze                         Ice                          1
   b - Throw Frost                    Conjuration/Ice              2
   c - Ozocubu's Armour               Charms/Ice                   3
   d - Throw Icicle                   Conjuration/Ice              4
   e - Summon Ice Beast               Ice/Summoning                4
   f - Condensation Shield            Ice                          4
Comestibles
 c - 3 bread rations
 i - 2 meat rations


   Skills:
 - Level 2.6 Dodging
 - Level 2.1 Stealth
 + Level 2.9 Spellcasting
 - Level 0.7 Conjurations
 + Level 4.2 Ice Magic


You had one spell level left.
You knew the following spells:

 Your Spells              Type           Power        Failure   Level  Hunger
a - Freeze                Ice            ##..         4%          1    #......
b - Throw Frost           Conj/Ice       #.....       14%         2    ##.....
c - Ozocubu's Armour      Chrm/Ice       #.......     30%         3    ###....


Dungeon Overview and Level Annotations

Branches:
Dungeon (2/15)

Altars:

Annotations:
D:2 Crazy Yiuf


Message History

Crazy Yiuf is severely wounded.
You feel sick.
Crazy Yiuf hits you with a quarterstaff of chaos!
* * * LOW HITPOINT WARNING * * *
Drink which item? (? for menu, Esc to quit)
It was a potion of might.
You feel very mighty all of a sudden.
* * * LOW HITPOINT WARNING * * *
You feel sick.
Casting: Freeze
Confirm with . or Enter, or press ? or * to list all spells.
Aiming: Freeze
Press: ? - help, Shift-Dir - straight line, f/p - Crazy Yiuf
Aim: Crazy Yiuf, wielding a quarterstaff of chaos and wearing a cloak (severely wounded)
You miscast Freeze.
You are very lightly contaminated with residual magic.
A chill runs through your body.
Crazy Yiuf hits you with a quarterstaff of chaos!
Ouch! That really hurt!
You die...

#.#.....#
#.....[....
# #######
#########.#
##.# #####
########..#
#)..#
#........(#
#...#
#.........#
...
#.........#
#g#
#.........#
♣@♣♣
#.........#
♣♣.♣
#.........#
♣.♣♣
#.........#
♣♣.♣
#.........#
♣♣.♣♣
##.........#
♣♣...♣
#..........#
♣....♣
#.##########
#....# #.#
#....###.#


You could see Crazy Yiuf.

Vanquished Creatures
  2 adders (D:2)
  4 bats
  4 goblins
  5 hobgoblins
  A quokka (D:2)
  4 giant newts (D:1)
  2 kobolds
  7 rats
29 creatures vanquished.

Notes
Turn   | Place    | Note
--------------------------------------------------------------
     0 | D:1      | Horrz the Merfolk Ice Elementalist began the quest for the Orb.
     0 | D:1      | Reached XP level 1. HP: 13/13 MP: 3/3
   175 | D:1      | Reached XP level 2. HP: 16/19 MP: 1/5
   187 | D:1      | Learned a level 2 spell: Throw Frost
   876 | D:2      | Reached skill level 4 in Ice Magic
   876 | D:2      | Reached XP level 3. HP: 13/24 MP: 0/7
   982 | D:2      | Learned a level 3 spell: Ozocubu's Armour
  1055 | D:2      | Noticed Crazy Yiuf
  1063 | D:2      | Mangled by Crazy Yiuf

Vault maps used:
D:1:      matt_arrival_grand_opening
D:2:      grunt_temple_overflow_open, dk_vineyard_3, uniq_crazy_yiuf_cottage

Action                   || total
-------------------------++-------
Melee: Dagger            ||    11
       Unarmed           ||     5
 Cast: Freeze            ||    46
  Use: Scroll            ||     3
       Potion            ||     1
  Eat: Chunk             ||     1
